 Dungeon Crawl Stone Soup version 0.10.4 character file.

242 Alfie the Shooter (level 5, 0/38 HPs)
             Began as a Human Hunter on Jan 21, 2020.
             Slain by an orc
             ... wielding a +0,+1 orcish whip
              (7 damage)
             ... on Level 4 of the Dungeon.
             The game lasted 00:08:52 (2030 turns).

Alfie the Shooter (Human Hunter)                    Turns: 2030, Time: 00:08:52

HP   0/38        AC  3     Str 14      XL: 5   Next:  3%
MP   4/4         EV 11     Int 11      God:
Gold 142         SH  0     Dex 13      Spells:  0 memorised,  4 levels left

Res.Fire  : . . .   See Invis. : .   a - +0 short sword
Res.Cold  : . . .   Warding    : . . d - +0 leather armour
Life Prot.: . . .   Conserve   : .   (no shield)
Res.Acid. : . . .   Res.Corr.  : .   (no helmet)
Res.Poison: .       Clarity    : .   (no cloak)
Res.Elec. : .       Spirit.Shd : .   (no gloves)
Sust.Abil.: . .     Stasis     : .   (no boots)
Res.Mut.  : .       Ctrl.Telep.: .   (no amulet)
Res.Rott. : .       Levitation : .   (no ring)
Saprovore : . . .   Ctrl.Flight: .   (no ring)

@: slightly resistant to hostile enchantments, unstealthy
A: no striking features
a: no special abilities


You were on level 4 of the Dungeon.
You were not hungry.

You visited 1 branch of the dungeon, and saw 4 of its levels.

You collected 122 gold pieces.

Inventory:

Hand weapons
 a - a +0,+0 short sword (weapon)
 b - a +0,+0 bow
Armour
 d - a +0 leather armour (worn)
Magical devices
 h - a wand of random effects (8) {unknown}
 p - a wand of flame (17)
Comestibles
 f - a bread ration
Scrolls
 i - a scroll of remove curse {unknown}
 k - 2 scrolls of identify {unknown}
 q - a scroll of teleportation {unknown}
 r - a scroll of amnesia {unknown}
Jewellery
 j - an uncursed amulet of conservation {unknown}
 m - an uncursed ring of poison resistance {unknown}
Potions
 e - 3 potions of curing {unknown}
 n - 2 potions of restore abilities {unknown}
 s - a potion of might {unknown}


   Skills:
 + Level 1.0 Fighting
 + Level 6.1 Bows
 + Level 1.8 Armour
 + Level 2.4 Dodging
 + Level 1.7 Stealth
 + Level 1.0 Traps & Doors


You had 4 spell levels left.
You didn't know any spells.

Dungeon Overview and Level Annotations

Branches:
Dungeon (4/27)
 Temple: D:4-7

Altars:
Xom

Portals:
Glowing drain: D:3


Message History

The orc barely misses you.
You completely miss the orc.
The orc is lightly wounded.
The orc hits you but does no damage. The orc barely misses you.
You closely miss the orc.
The orc is lightly wounded.
The orc hits you but does no damage.
The orc hits you from afar with an orcish trident.
You hit the orc but do no damage.
The orc is lightly wounded.
The orc hits you but does no damage.
The orc hits you from afar with an orcish trident.
* * * LOW HITPOINT WARNING * * *
You hit the orc but do no damage.
The orc is lightly wounded.
The orc misses you.
You hit the orc.
The orc is moderately wounded.
The orc hits you with an orcish whip!
You die...

##. #.## #)((.. ### ...#
#....[. ##..##...
###.(..... #........
##..((...%.###.......
#...(....).#.#.......
..###..#o.........#......
...#....o...#.....#..#<..
.........@.............#..
........................#.
.......................#..
........................#.
.......................#.#
................#.........
.#>..........#.#.........#
............####...##..##
.....#......# ######...#


You could see 2 orcs.

Vanquished Creatures
  A hound (D:3)
  An adder (D:3)
  2 giant mites (D:3)
  2 giant geckos (D:3)
  6 orcs
  4 goblins (D:3)
  5 hobgoblins
  4 kobolds
  3 bats
  5 giant cockroaches (D:3)
  A giant newt (D:3)
  2 jackals (D:1)
  5 rats
  2 butterflies (D:3)
43 creatures vanquished.

Notes
Turn   | Place    | Note
--------------------------------------------------------------
     0 | D:1      | Alfie, the Human Hunter, began the quest for the Orb.
     0 | D:1      | Reached XP level 1. HP: 16/16 MP: 0/0
   950 | D:1      | Reached XP level 2. HP: 17/22 MP: 1/1
  1089 | D:3      | Found a shimmering altar of Xom.
  1214 | D:3      | Reached XP level 3. HP: 27/27 MP: 2/2
  1278 | D:3      | Reached skill level 1 in Armour
  1283 | D:3      | Reached skill level 5 in Bows
  1382 | D:3      | Reached XP level 4. HP: 18/33 MP: 3/3
  1684 | D:3      | Found a glowing drain.
  1692 | D:3      | Reached skill level 6 in Bows
  1912 | D:3      | Reached XP level 5. HP: 38/38 MP: 4/4
  2013 | D:4      | Reached skill level 1 in Traps & Doors
  2030 | D:4      | Slain by an orc
